 Dungeon Crawl Stone Soup version 0.24-a0-537-g2d01d4ab0a (webtiles) character file.

Game seed: 12660435014095886732

20 Mithandil the Conjurer (level 2, 0/16 HPs)
             Began as a Tengu Conjurer on Aug 16, 2019.
             Slain by a jackal (2 damage)
             ... on level 2 of the Dungeon.
             The game lasted 00:04:24 (645 turns).

Mithandil the Conjurer (Tengu Conjurer)              Turns: 645, Time: 00:04:24

Health: 0/16       AC:  3    Str:  8    XL:     2   Next: 79%
Magic:  1/6        EV: 11    Int: 15    God:
Gold:   6          SH:  3    Dex: 14    Spells: 4/5 levels left

rFire    . . .     SeeInvis .   d - +1 dagger
rCold    . . .     Gourm    .   l - +0 buckler
rNeg     . . .     Faith    .   f - +0 leather armour
rPois    .         Spirit   .   (helmet restricted)
rElec    .         Reflect  .   (no cloak)
rCorr    .         Harm     .   (no gloves)
MR       .....                  (boots unavailable)
Stlth    ++........             (no amulet)
HPRegen  0.05/turn              (no ring)
MPRegen  0.10/turn              (no ring)

@: no status effects
A: beak, talons 3
a: no special abilities


You were on level 2 of the Dungeon.
You were not hungry.

You visited 1 branch of the dungeon, and saw 3 of its levels.

You collected 6 gold pieces.

Inventory:

Hand Weapons
 d - a +1 dagger (weapon)
Missiles
 a - 15 bolts
 b - 52 stones (quivered)
Armour
 f - a +0 leather armour (worn)
 i - a cursed +0 shield
 l - a +0 buckler (worn)
Scrolls
 h - 2 scrolls of remove curse
Potions
 g - a potion of cancellation
Comestibles
 c - a ration


   Skills:
 + Level 0.4 Fighting
 + Level 2.3 Dodging
 + Level 2.2 Stealth
 + Level 0.0 Shields
 * Level 2.3 Spellcasting
 * Level 5.6 Conjurations


You had 4 spell levels left.
You knew the following spells:

 Your Spells              Type           Power        Failure   Level  Hunger
a - Magic Dart            Conj           ###.         5%          1    #......

Your spell library contained the following spells:

 Spells                   Type           Power        Failure   Level  Hunger
 Searing Ray              Conj           ###...       8%          2    ###....
 Dazzling Spray           Conj/Hex       ##....       45%         3    ###....
 Iskenderun's Mystic Bla  Conj           ###.....     45%         4    #####..
 Force Lance              Conj/Tloc      ##......     86%         4    #####..
 Fulminant Prism          Conj/Hex       ##........   86%         4    #####..


Dungeon Overview and Level Annotations

Branches:
Dungeon (3/15)

Altars:


Innate Abilities, Weirdness & Mutations

You have a beak for a mouth.
You have claws for feet.


Message History

You barely miss the quokka. Your peck misses the quokka.
The quokka is almost dead.
The quokka bites you.
* * * LOW HITPOINT WARNING * * *
The jackal bites you but does no damage.
The quokka closely misses you.
You hit the quokka.
You kill the quokka!
The jackal barely misses you. The jackal closely misses you.
You hit the jackal but do no damage.
The jackal is heavily wounded.
The jackal bites you but does no damage.
You hit the jackal but do no damage.
The jackal is heavily wounded.
The jackal barely misses you. x2
Your shield and leather armour prevent you from hitting the jackal.
Your kick misses the jackal.
The jackal is heavily wounded.
The jackal bites you.
You die...

.#########..#
............#
.......รท.#..#
.##.####.#..# #
#.##......# #.
#.......#.#####
####[#####.##.......#
............#.#.##.##
..
............@##.##.#
##
........<....h.....#
###.#.#.#.....#.#..#
. ................#..
## ####..#.#..#..###
.# (..........#..#
####....##.#..#
##...##.#...
#...........


You could see a jackal.

Vanquished Creatures
  An orc (D:3)
  A bat (D:2)
  A giant cockroach (D:3)
  A hobgoblin (D:1)
  4 jackals
  3 quokkas
  2 kobolds
  3 rats
16 creatures vanquished.

Notes
Turn   | Place    | Note
-------+----------+-------------------------------------------
     0 | D:1      | Mithandil the Tengu Conjurer began the quest for the Orb.
     0 | D:1      | Reached XP level 1. HP: 10/10 MP: 4/4
   294 | D:2      | Reached XP level 2. HP: 8/15 MP: 1/6
   645 | D:2      | Slain by a jackal

Levels and vault maps discovered:
D:1:      dpeg_arrival_solitude, layout_loops_cross, serial_co_window_serial,
          co_window_cross_1, co_window_of_opportunity_a,
          co_window_of_opportunity_a, co_window_paths_a, co_window_corner_a,
          co_window_unsneaky_path_c, co_window_unsneaky_path_a,
          co_window_paths_c, co_window_paths_c, co_window_broadway_a,
          co_window_2corner, glass_columns_a, glass_columns_a, glass_columns_b
D:2:      layout_basic
D:3:      layout_basic, first_ration, uniq_crazy_yiuf_cottage

Action                   || total
-------------------------++-------
Melee: Unarmed           ||     5
       Dagger            ||    17
       Peck              ||     2
       Kick              ||     1
 Cast: Magic Dart        ||    27
  Use: Scroll            ||     5
       Potion            ||     1
Armor: Leather armour    ||    13
Dodge: Dodged            ||    27
Block: Buckler           ||     1

Table legend:
 A = Non-vault XP
 B = Vault XP
 C = Vault XP percentage of total XP
 D = Non-vault monster count
 E = Vault monster count
 F = Vault count percentage of total count
                 A         B        C        D         E       F
            +---------+---------+-------+---------+---------+-------
      Total |      29 |       0 |   0.0 |      16 |       0 |   0.0
            +---------+---------+-------+---------+---------+-------
        D:1 |       5 |       0 |   0.0 |       4 |       0 |   0.0
        D:2 |      13 |       0 |   0.0 |       7 |       0 |   0.0
        D:3 |      11 |       0 |   0.0 |       5 |       0 |   0.0
            +---------+---------+-------+---------+---------+-------
